 Dungeon Crawl Stone Soup version 0.24-a0-447-ge8da9206dc (webtiles) character file.

Game seed: 16842949773916749458

47 pk666 the Magician (level 3, 0/19 HPs)
             Began as a Deep Elf Wizard on June 26, 2019.
             Slain by a goblin
             ... wielding a +0 club
             ... led by Robin
              (2 damage)
             ... on level 2 of the Dungeon.
             The game lasted 00:02:43 (1957 turns).

pk666 the Magician (Deep Elf Wizard)                Turns: 1957, Time: 00:02:44

Health: 0/19       AC:  4    Str:  4    XL:     3   Next: 48%
Magic:  1/11       EV: 13    Int: 23    God:
Gold:   87         SH:  0    Dex: 13    Spells: 3/12 levels left

rFire    . . .     SeeInvis .   i - +0 dagger
rCold    . . .     Gourm    .   (no shield)
rNeg     . . .     Faith    .   a - +0 robe
rPois    .         Spirit   .   m - +2 hat
rElec    .         Reflect  .   (no cloak)
rCorr    .         Harm     .   (no gloves)
MR       .....                  (no boots)
Stlth    ++........             (no amulet)
HPRegen  0.06/turn              (no ring)
MPRegen  0.12/turn              (no ring)

@: very slightly contaminated
A: no striking features
a: no special abilities


You were on level 2 of the Dungeon.
You were not hungry.

You visited 1 branch of the dungeon, and saw 2 of its levels.

You collected 87 gold pieces.

Inventory:

Hand Weapons
 i - a +0 dagger (weapon)
Armour
 a - a +0 robe (worn)
 m - a +2 hat (worn)
Scrolls
 g - 2 scrolls of magic mapping {unknown}
 j - a scroll of identify {unknown}
 k - a scroll of remove curse {unknown}
Potions
 c - a potion of might {unknown}
 e - a potion of brilliance {unknown}
 f - 2 potions of ambrosia {unknown}
 h - a potion of lignification {unknown}
 l - a potion of haste {unknown}
Comestibles
 d - 2 rations


   Skills:
 - Level 3.2 Dodging
 - Level 2.4 Stealth
 + Level 5.1 Spellcasting
 + Level 2.1 Conjurations
   Level 1.1 Summonings
 + Level 1.2 Translocations
 + Level 0.3 Fire Magic
 + Level 0.2 Air Magic
 + Level 0.2 Poison Magic


You had 3 spell levels left.
You knew the following spells:

 Your Spells              Type           Power        Failure   Level  Hunger
a - Magic Dart            Conj           ###.         3%          1    None
b - Blink                 Tloc           N/A          9%          2    None
c - Conjure Flame         Conj/Fire      ##......     17%         3    ##.....
d - Mephitic Cloud        Conj/Pois/Air  ##......     19%         3    ##.....

Your spell library contained the following spells:

 Spells                   Type           Power        Failure   Level  Hunger
 Call Imp                 Summ           ##......     9%          2    None
 Slow                     Hex            #.......     14%         2    None


Dungeon Overview and Level Annotations

Branches:
Dungeon (2/15)

Altars:

Annotations:
D:2 Robin


Message History

Confirm with . or Enter, or press ? or * to list all spells.
You blink. 3 goblins and a hobgoblin come into view.
The goblin hits you but does no damage.
The goblin unwields a +0 club.
The goblin wields a +0 hunting sling.
The goblin shoots a stone.
The stone barely misses you.
You see here a stone.
You closely miss the goblin. The goblin hits you but does no damage.
The goblin shoots a stone.
The stone closely misses you. Robin throws the goblin at you!
You hit the goblin.
The goblin is moderately wounded.
The goblin hits you with a +0 dagger.
The goblin unwields a +0 hunting sling.
The goblin wields a +0 club.
The goblin hits you but does no damage.
You hit the goblin.
The goblin is heavily wounded.
Robin hits you with a +7 club.
* * * LOW HITPOINT WARNING * * *
The goblin misses you. The goblin hits you with a +0 club.
You die...

####
#.#((.[..)....#
....
#.#)####....#.#
### #.#.#
###### ..#
#.#g# ### #.#)#
### #.#.# ..#
#.#.### #.#
#.#ggg# #.#.#
#..gg@# #.#.#
#......g.#
#.#.#
#.#.#.#.g#
#.#.#
#........#
..#.#
#.#.#.#.##
#.### #.......#
##.# #.#.#.#.#
.... .......
##..


You could see Robin, a hobgoblin and 5 goblins.

Vanquished Creatures
  An ooze (D:1)
  4 leopard geckos
  2 giant cockroaches (D:2)
  8 goblins
  4 hobgoblins
  A ball python (D:1)
  4 bats
  3 frilled lizards (D:1)
  6 kobolds
  4 rats (D:1)
37 creatures vanquished.

Notes
Turn   | Place    | Note
-------+----------+-------------------------------------------
     0 | D:1      | pk666 the Deep Elf Wizard began the quest for the Orb.
     0 | D:1      | Reached XP level 1. HP: 10/10 MP: 7/7
   420 | D:1      | Reached XP level 2. HP: 15/15 MP: 7/9
  1310 | D:2      | Reached skill level 5 in Spellcasting
  1370 | D:2      | Reached XP level 3. HP: 19/19 MP: 8/11
  1400 | D:2      | Learned a level 2 spell: Blink
  1404 | D:2      | Learned a level 3 spell: Conjure Flame
  1408 | D:2      | Learned a level 3 spell: Mephitic Cloud
  1934 | D:2      | Noticed Robin
  1957 | D:2      | Slain by a goblin

Levels and vault maps discovered:
D:1:      dpeg_cavernosity, layout_rooms
D:2:      layout_basic, serial_co_window_serial, co_window_paths_a,
          co_window_paths_a, co_window_paths_a, co_window_cross_1,
          co_window_paths_a, co_window_corner_a, co_window_paths_a,
          co_window_broadway_a, co_window_broadway_a, co_window_paths_c,
          co_window_broadway_b, co_window_of_opportunity_b, co_window_paths_d,
          glass_columns_b, glass_columns_a, glass_columns_b, glass_columns_a,
          glass_columns_b, uniq_natasha, uniq_robin

Skill      XL: |  1  2 |
---------------+-------+-----
Dodging        | 3 |  3.2
Conjurations   | 2 |  2.1
Spellcasting   | 5 |  5.1
Stealth        | |  2.4
Summonings     | |  1.1
Translocations | |  1.2
Fire Magic     | |  0.3
Air Magic      | |  0.2
Poison Magic   | |  0.2

Action                   || total
-------------------------++-------
Melee: Dagger            ||     8
 Cast: Magic Dart        ||    75
       Conjure Flame     ||     1
       Mephitic Cloud    ||     1
       Blink             ||     1
  Eat: Chunk             ||     3
Armor: Robe              ||     9
Dodge: Dodged            ||    15

Table legend:
 A = Non-vault XP
 B = Vault XP
 C = Vault XP percentage of total XP
 D = Non-vault monster count
 E = Vault monster count
 F = Vault count percentage of total count
                 A         B        C        D         E       F
            +---------+---------+-------+---------+---------+-------
      Total |      51 |      17 |  25.0 |      30 |       7 |  18.9
            +---------+---------+-------+---------+---------+-------
        D:1 |      22 |      11 |  33.3 |      15 |       4 |  21.1
        D:2 |      29 |       6 |  17.1 |      15 |       3 |  16.7
            +---------+---------+-------+---------+---------+-------
